Arrhythmia, chaotic female vampiric Convict -------------- |............| ---------- ------ |.............# |........| |...)| |............|# |<.......| |....| |............|# ------#-.- ##.....| |...%........|# ### # |.....# ------.--.--.-# ----- # # |....|# ## # # # |**.| ### # ------# # # # ##-...| # # # ### # # |=..| ### # # # # # ### ----- # # ### ########## #### # --.---- # #---.----------|- #----- ### |......####################|..............| ##..._| # |.....| --------# #-%.............| ##|...-## |.....| |.......# |..............| ####|...| |.&...| |....{.| ---------------- % #....| |@#...| +......|0######################## ----- ---.--- -------- # Arrhythmia the Jail-bird Experience level: 7 Strength: 16 Dexterity: 13 Constitution: 20 Intelligence: 11 Wisdom: 10 Charisma: 8 Health: 0(82) Energy: 19(26) AC: 10 Gold: 53 Moves: 2250 Your Inventory: Coins $ - 53 gold pieces Armor b - a cursed +0 striped shirt j - an [uncursed] +0 pair of hard shoes [iron] o - a [blessed] +1 hard hat [dwarvish iron helm] Scrolls g - an [uncursed] scroll labeled PHOL ENDE WODAN [of identify] m - an [uncursed] scroll labeled KERNOD WEL [of teleportation] Tools d - an uncursed blindfold n - an [uncursed tallow] candle q - an [uncursed] looking glass [mirror] Iron balls c - an [uncursed] heavy iron ball (chained to you) (weapon in hand) Spells known in the end: Name Level Category Fail Memory Your skills at the end: Fighting Skills Weapon Skills sling [Basic / Skilled] Spellcasting Skills Final Attributes: You were piously aligned. Hunger level was 502. Your alignment was 21 / 21. Monster difficulty range was 0 - 5. Level difficulty was 3. You were immune to poison. You were immune to level-drain. You were immune to sickness. You were punished. You could fly. You could survive without air. You regenerated. Your luck was zero. You are dead. Vanquished creatures: a lizard 4 human zombies a mountain nymph an orc shaman an enormous rat 2 gnome lords a guardian naga hatchling a wax golem a baby crocodile a floating eye 4 dwarves a rabid rat an orc zombie an iguana a gas spore 2 hobbits 2 manes a hobgoblin a giant rat a red mold 24 gnomes 3 geckos 3 jackals a kobold 2 goblins 2 sewer rats 3 grid bugs 3 lichens 4 kobold zombies 3 newts 77 creatures vanquished. Voluntary challenges: You left the true Path of Zen. You went without food. You were illiterate. You never hit with a wielded weapon. You put on armor 5 times. You never genocided any monsters. You never polymorphed an object. You never changed form. You used no wishes. You abstained from Elbereth's help. You never encountered a bones level. You never used any Sokoban shortcuts. Dungeon overview: The Dungeons of Doom: levels 1 to 4 Level 1 a fountain a long staircase Level 2 some fountains Level 3 <- You were here a jewelry store, an altar to Tymora, a fountain, a sink Level 4 a sink stairs to The Gnomish Mines The Gnomish Mines: levels 5 to 7 Level 5 stairs to The Dungeons of Doom History has recorded: On T:1 you entered the Dungeons of Doom to retrieve the Amulet of Yendor! On T:161 you advanced to experience level 2. On T:165 you advanced to experience level 3. On T:301 you reached level 2 of The Dungeons of Doom. On T:807 you advanced to experience level 4. On T:972 you reached level 3 of The Dungeons of Doom. On T:1072 you advanced to experience level 5. On T:1075 you reached level 4 of The Dungeons of Doom. On T:1166 you advanced to experience level 6. On T:1368 you reached level 1 of The Gnomish Mines. On T:1525 you advanced to experience level 7. On T:1654 you reached level 2 of The Gnomish Mines. On T:1704 you reached level 3 of The Gnomish Mines. Latest messages: [HP+1=53] You miss the incubus. You bite the incubus. The incubus acts as though he has got a headache. The incubus hits! (2x) [HP-8=45] You miss the incubus. You bite the incubus. The incubus acts as though he has got a headache. The incubus hits! (2x) [HP-11=34] You miss the incubus. (2x) The incubus acts as though he has got a headache. The incubus hits! (2x) [HP-7=27] You miss the incubus. You bite the incubus. The incubus acts as though he has got a headache. The incubus hits! (2x) [HP-14=13] The incubus acts as though he has got a headache. The incubus hits! (2x) You die... Final status: Goodbye Arrhythmia the Convict... You died in The Dungeons of Doom on dungeon level 3 with 2864 points, and 53 pieces of gold, after 2250 moves. You were level 7 with a maximum of 82 hit points when you died.